 Dungeon Crawl Stone Soup version 0.29.1-12-g30fa7ad0bf (webtiles) character file.

Game seed: 9577622678829179722

2953 funkygono the Slasher (level 9, -15/69 HPs)
             Began as a Demonspawn Abyssal Knight on Dec 30, 2022.
             Was a High Priest of Lugonu.
             Demolished by an orc knight
             ... wielding a +0 glaive
              (22 damage)
             ... in a bailey.
             The game lasted 00:17:31 (9335 turns).

funkygono the Slasher (Demonspawn Abyssal Knight)   Turns: 9335, Time: 00:17:33

Health: -15/69     AC: 17    Str: 17    XL:     9   Next: 52%
Magic:  11/11      EV: 11    Int: 11    God:    Lugonu [*****.]
Gold:   385        SH:  0    Dex: 15    Spells: 8/8 levels left

rFire   + . .      SeeInvis .   a - +5 falchion (elec)
rCold   + . .      Faith    .   (no shield)
rNeg    . . .      Spirit   .   K - +4 scale mail {rC+}
rPois   .          Reflect  .   (helmet restricted)
rElec   .          Harm     .   N - +0 cloak
rCorr   .          Rampage  .   e - +0 pair of gloves
Will    +....                   (no boots)
Stlth   +.........              l - amulet of the acrobat
HPRegen 0.21/turn               r - ring of protection from fire
MPRegen 0.12/turn               y - ring of willpower

@: mighty
A: horns 1, yellow scales 2, powered by death 1
a: Renounce Religion, Depart the Abyss, Bend Space, Banish, Corrupt, Enter the
Abyss


You were in a bailey.
You worshipped Lugonu.
Lugonu was extremely pleased with you.
You visited 2 branches of the dungeon, and saw 9 of its levels.
You visited the Abyss 2 times.
You also visited: Bailey.

You collected 385 gold pieces.

Inventory:

Hand Weapons
 a - a +5 falchion of electrocution (weapon)
 b - the +11 sling of Compound Interest {flame, Stlth+}
   (You took it off a goblin on level 2 of the Dungeon)

   Any ammunition fired from it burns those it strikes, dealing additional fire
   damage.
   Stlth:     It makes you more stealthy.
 L - a +2 antimagic hammer
 M - a +3 quarterstaff of chaos
Missiles
 g - 10 boomerangs
 k - 3 poisoned darts
 t - 55 stones
Armour
 e - a +0 pair of gloves (worn)
 j - a +0 chain mail
 q - an orb of mayhem
 s - a +0 leather armour
 K - a +4 scale mail of cold resistance (worn)
 N - a +0 cloak (worn)
Jewellery
 d - a ring of ice
 l - an amulet of the acrobat (around neck)
 r - a ring of protection from fire (left hand)
 y - a ring of willpower (right hand)
Wands
 i - a wand of digging (12)
 A - a wand of polymorph (8)
 D - a wand of paralysis (18)
 F - a wand of mindburst (17)
 I - a wand of flame (28)
 P - a wand of roots (10)
Scrolls
 c - 2 scrolls of amnesia
 o - 4 scrolls of vulnerability
 v - a scroll of blinking
 x - a scroll of teleportation
 C - a scroll of butterflies
 H - 2 scrolls of fear
Potions
 f - a potion of flight
 h - 2 potions of invisibility
 m - 2 potions of brilliance
 n - a potion of experience
 p - 2 potions of cancellation
 u - a potion of attraction
 w - 2 potions of lignification
 z - 3 potions of curing
 B - 4 potions of heal wounds
 E - a potion of mutation
 G - 2 potions of might
 O - 2 potions of resistance


   Skills:
 + Level 5.7 Fighting
 + Level 6.4 Long Blades
 + Level 6.0 Ranged Weapons
 + Level 5.8 Armour
 + Level 3.5 Dodging
 + Level 1.9 Stealth
 + Level 0.1 Unarmed Combat
 + Level 2.8 Invocations


You had 8 spell levels left.
You didn't know any spells.
Your spell library contained the following spells:

 Spells                   Type           Power      Damage    Failure   Level
 Sublimation of Blood     Necr           0%         N/A       86%         2
 Wereblood                Tmut           0%         N/A       86%         2
 Conjure Flame            Conj/Fire      0%         6-21      97%         3
 Ignite Poison            Fire/Tmut/Pois 0%         N/A       97%         3
 Sticky Flame             Conj/Fire      0%         2d3       100%        4
 Summon Hydra             Summ           0%         N/A       100%        7


Dungeon Overview and Level Annotations

Branches:
Dungeon (8/15)             Temple (1/1) D:4          Bailey (1/1)
   Lair: D:8-11

Altars:
Ashenzari
Cheibriados
Dithmenos
Fedhas
Gozag
Hepliaklqana
Kikubaaqudgha
Makhleb
Nemelex Xobeh
Qazlal
Ru
Sif Muna
Trog
Uskayaw
Vehumet
Wu Jian
Xom
Yredelemnul

Shops:
D:1 !   D:3 [   D:7 [


Innate Abilities, Weirdness & Mutations

You have a pair of small horns on your head.
You are mostly covered in yellow scales. (AC +3)
You regenerate a little health from kills.


Message History

b - the +11 sling of Compound Interest (weapon)
{flame, Stlth+} Unknown command.
You open the gate.
Found a potion of experience.
Found two gates leading back out of this place.
There is an open gate here.
There is an open gate here.
The +11 sling of Compound Interest {flame, Stlth+} stops flaming.
You hear the crackle of electricity.
a - a +5 falchion of electrocution (weapon)
n - a potion of experience You open the door.
An orc warrior, an orc and an orc knight come into view.
The orc warrior shouts!
The orc knight roars a battlecry!
The orcs go into a battle-frenzy!
Found an encrusted executioner's axe and a runed triple crossbow.
You feel very mighty all of a sudden.
The orc hits you from afar with a +0 halberd.
The orc knight hits you but does no damage.
Okay, then.
The orc warrior misses you. The orc misses you.
The orc knight hits you with a +0 glaive!!
There is an open door, spattered with blood here.
You hit the orc knight but do no damage.
The orc warrior barely misses you. The orc hits you but does no damage.
The orc knight hits you with a +0 glaive!
You slash the orc knight! Your headbutt misses the orc knight.
The orc knight is lightly wounded.
The orc warrior misses you. The orc hits you with a +0 halberd.
* * * LOW HITPOINT WARNING * * *
The orc knight barely misses you.
You hit the orc knight but do no damage.
Your headbutt misses the orc knight.
The orc knight is lightly wounded.
The orc warrior hits you with a +0 halberd!
* * * LOW HITPOINT WARNING * * *
The orc closely misses you.
The orc knight hits you with a +0 glaive!!
You die...

..~≈≈~≈≈≈~~~#########~~~≈≈≈~≈≈~..
..~~~~~~~~~##~~~~~~~##~~~~~~~~~..
..~~~~~~~~##~~#'#'#~~##~~~~~~~~..
..~~~~~~~~#~~##)#)##~~#~~~~~~~~..
..~~~~~~~##~#########~##~~~~~~~..
..~~~~~~~##~')#).)#)'~##~~~~~~~..
..~~~~~~~##~###.8.###~##~~~~~~~..
..~~~~~~~##~')#ooo#)'~##~~~~~~~..
..~~~~~~~##~####@####~##~)~~~~~..
..~~~~~~~~#~~##∩.∩##~~##~~~~))~..
..~~~~~~~~##~~#'''##~~~~~~~~~)~..
..~~~~~~~~~##~~~~~##~~~~~~~~~~~..
..~≈≈)≈≈≈~~~##~~~~##~~~~≈≈≈~≈≈~..
..≈≈#)##≈~~~~#######~~~~≈##.#≈≈..
..≈##.∩#≈~~~~~~~~~~~~~~~≈#∩.##≈..
..≈#....~~~~~~~~~~~~~~~~~....#≈..
..≈##.##≈~~~~~~~~~~~~~~~≈##.##≈..


You could see an orc knight, an orc warrior (strong) and an orc (strong).

Vanquished Creatures
  Eustachio (D:6)
  Edmund (D:6)
  8 orc warriors (Bailey)
  A black bear (D:7)
  2 ogres (D:6)
  A centaur (D:5)
  2 bullfrogs
  A necrophage (D:6)
  8 wights
  A howler monkey (D:4)
  A hound (D:6)
  Crazy Yiuf (D:6)
  A gnoll bouda (D:7)
  6 orc priests
  A jelly (D:7)
  Jessica (D:3)
  Ijyb (D:3)
  2 iguanas (D:5)
  8 orc wizards
  Robin (D:3)
  7 gnolls
  9 adders
  3 shadow imps
  A white imp (D:6)
  2 ufetubi
  2 dart slugs (D:1)
  40 orcs
  8 endoplasms
  2 giant cockroaches
  14 goblins
  3 hobgoblins
  11 jackals
  4 quokkas
  5 ball pythons
  8 bats
  11 frilled lizards
  11 kobolds
  6 rats
196 creatures vanquished.

Vanquished Creatures (others)
  A hobgoblin (D:3)
1 creature vanquished.

Grand Total: 197 creatures vanquished

Notes
Turn   | Place    | Note
-------+----------+-------------------------------------------
     0 | Abyss:1  | funkygono the Demonspawn Abyssal Knight began the quest for
                  | the Orb.
     0 | Abyss:1  | Reached XP level 1. HP: 18/18 MP: 2/2
    42 | D:1      | Escaped the Abyss
    67 | D:1      | Reached skill level 1 in Dodging
    77 | D:1      | Gained mutation: You are partially covered in yellow
                  | scales. (AC +2) [demonic ancestry]
    77 | D:1      | Reached XP level 2. HP: 9/24 MP: 3/3
   711 | D:1      | Reached XP level 3. HP: 27/29 MP: 4/4
   917 | D:1      | Found Vuufy's Distillery.
  1265 | D:2      | Reached *** piety under Lugonu
  1301 | D:2      | Found a faded altar of an unknown god.
  1638 | D:2      | Reached XP level 4. HP: 25/36 MP: 6/6
  1762 | D:2      | Identified the +11 sling of Compound Interest {flame,
                  | Stlth+}
  2102 | D:2      | You fall into a shaft and drop 1 floor!
  2106 | D:3      | Noticed Ijyb
  2161 | D:3      | Killed Ijyb
  2349 | D:3      | Noticed Jessica
  2354 | D:3      | Killed Jessica
  2355 | D:3      | Reached XP level 5. HP: 28/42 MP: 7/7
  2663 | D:3      | Noticed Robin
  2701 | D:3      | Reached **** piety under Lugonu
  2741 | D:3      | Killed Robin
  3195 | D:3      | Found Itovedem's Antique Armour Emporium.
  3560 | Abyss:1  | Cast into level 1 of the Abyss (kobold)
  3590 | Abyss:1  | Noticed a sixfirhy
  3591 | D:2      | Escaped the Abyss
  4063 | D:4      | Reached skill level 1 in Stealth
  4084 | D:4      | Gained mutation: You regenerate a little health from kills.
                  | [demonic ancestry]
  4084 | D:4      | Reached XP level 6. HP: 36/48 MP: 8/8
  4116 | D:4      | Reached skill level 1 in Ranged Weapons
  4257 | D:4      | Found a burning altar of Makhleb.
  4527 | D:4      | Found a staircase to the Ecumenical Temple.
  4534 | Temple   | Entered the Ecumenical Temple
  5038 | D:5      | Entered Level 5 of the Dungeon
  5080 | D:5      | Gained mutation: You are mostly covered in yellow scales.
                  | (AC +3) [demonic ancestry]
  5080 | D:5      | Reached XP level 7. HP: 33/55 MP: 9/9
  6133 | D:6      | Noticed Eustachio
  6139 | D:6      | Killed Eustachio
  6289 | D:6      | Noticed Edmund
  6299 | D:6      | Killed Edmund
  6304 | D:6      | Reached XP level 8. HP: 20/61 MP: 10/10
  6315 | D:6      | Reached skill level 5 in Fighting
  6522 | D:6      | Found a runed translucent door.
  6523 | D:6      | Noticed Crazy Yiuf
  6530 | D:6      | Killed Crazy Yiuf
  6629 | D:6      | Reached skill level 5 in Long Blades
  7143 | D:6      | Reached ***** piety under Lugonu
  7144 | D:6      | Reached skill level 5 in Armour
  7297 | D:7      | Found Bokhleic's Armour Shoppe.
  7529 | D:7      | Gained mutation: You have a pair of small horns on your
                  | head. [demonic ancestry]
  7529 | D:7      | Reached XP level 9. HP: 68/68 MP: 11/11
  8276 | D:8      | Found a hide-covered altar of Uskayaw.
  8280 | D:8      | Found a bloodstained altar of Trog.
  8286 | D:8      | Found a sacrificial altar of Ru.
  8293 | D:8      | Found a flagged portal.
  8321 | Bailey   | Entered a bailey
  8842 | Bailey   | Reached skill level 5 in Ranged Weapons
  9330 | Bailey   | Noticed an orc knight
  9335 | Bailey   | Demolished by an orc knight

Illustrated notes

Levels and vault maps discovered:
D:1:      minmay_arrival_radiant_lines, layout_loops_cross, serial_shops, shop,
          minmay_lizard_pond
D:2:      layout_basic, ebering_ecumenical_altar_sacrificial
D:3:      layout_loops_ring, serial_shops, nicolae_shop_statue_plus, uniq_ijyb,
          uniq_robin, uniq_jessica
D:4:      layout_basic, mainiacjoe_overflow_surrounded_room, temple_green,
          kennysheep_generic_room_12
D:5:      layout_gridville
D:6:      layout_loops_ring, uniq_edmund, uniq_eustachio,
          uniq_crazy_yiuf_cottage
D:7:      layout_basic, serial_shops, nicolae_shop_trees
D:8:      layout_basic, nicolae_overflow_hallway_of_the_gods,
          gammafunk_ghost_wrathful_warriors, enter_bailey_5
Temple:   eino_wide_crystal_templ
Bailey:   bailey_polearm_2, bailey

Skill      XL: |  1  2  3  4  5  6  7  8  9 |
---------------+----------------------------+-----
Dodging        | 1 2 3 |  3.5
Armour         | 2 3 5 |  5.8
Long Blades    | 2 3 4 6 |  6.4
Stealth        | 1 |  1.9
Ranged Weapons | 1 3 4 6 |  6.0
Fighting       | 4 5 |  5.7
Unarmed Combat | |  0.1
Invocations    | |  2.8

Action                   |  1- 3 |  4- 6 |  7- 9 || total
-------------------------+-------+-------+-------++-------
Melee: Falchion          |   124 |   216 |   157 ||   497
       Punch             |     3 |     4 |       ||     7
       Unarmed           |       |    36 |       ||    36
       Headbutt          |       |       |     6 ||     6
 Fire: Sling             |       |    21 |   103 ||   124
Invok: Bend Space        |     2 |     3 |       ||     5
       Depart the Abyss  |       |     1 |       ||     1
  Use: Scroll            |       |    16 |    12 ||    28
       Potion            |       |       |     1 ||     1
 Stab: Sleeping          |     1 |       |       ||     1
Armor: Leather armour    |    77 |    67 |       ||   144
       Skin              |       |     2 |       ||     2
       Chain mail        |       |    61 |    34 ||    95
       Scale mail        |       |       |    51 ||    51
Dodge: Dodged            |   115 |   222 |   100 ||   437
